 Dungeon Crawl Stone Soup version 0.21.1-1-g345015f (webtiles) character file.

168 rlgrobin the Charmwright (level 5, -2/41 HPs)
             Began as a Gnoll Wanderer on Mar 22, 2018.
             Killed from afar by TheNamelessOne's ghost (11 damage)
             ... with a puff of flame
             ... on level 4 of the Dungeon.
             The game lasted 00:30:58 (3577 turns).

rlgrobin the Charmwright (Gnoll Wanderer)           Turns: 3577, Time: 00:30:58

Health: -2/41      AC:  5    Str: 14    XL:     5   Next: 49%
Magic:  12/12      EV: 12    Int: 16    God:
Gold:   114        SH:  0    Dex: 16    Spells: 4/14 levels left

rFire    . . .     SeeInvis .   A - +1 dagger (venom)
rCold    . . .     Gourm    .   (no shield)
rNeg     . . .     Faith    .   h - +0 leather armour
rPois    +         Spirit   .   q - +0 helmet
rElec    .         Reflect  .   (no cloak)
rCorr    .         Harm     .   (no gloves)
MR       .....                  l - +0 pair of boots
Stlth    +++.......             (no amulet)
HPRegen  0.13/turn              E - ring of poison resistance
MPRegen  0.13/turn              C - ring of stealth

@: no status effects
A: distributed training, fangs 1, thin skeletal structure 1, wild magic 1,
strong nose
a: no special abilities


You were on level 4 of the Dungeon.
You were hungry.

You visited 1 branch of the dungeon, and saw 4 of its levels.

You collected 114 gold pieces.


Innate Abilities, Weirdness & Mutations

Your experience applies equally to all skills.
You have very sharp teeth.
Your uncanny sense of smell can sniff out nearby items.
You have a somewhat thin skeletal structure. (Dex +2, Stealth)
Your spells are a little harder to cast, but a little more powerful.


   Skills:
 + Level 3.0 Fighting
 + Level 1.4 Short Blades
 + Level 1.4 Long Blades
 + Level 3.0 Axes
 + Level 1.4 Maces & Flails
 + Level 1.4 Polearms
 + Level 1.4 Staves
 + Level 1.4 Slings
 + Level 1.4 Bows
 + Level 1.4 Crossbows
 + Level 1.4 Throwing
 + Level 3.0 Armour
 + Level 1.4 Dodging
 + Level 1.4 Stealth
 + Level 3.0 Shields
 + Level 1.4 Unarmed Combat
 + Level 5.2 Spellcasting
 + Level 1.1 Conjurations
 + Level 1.1 Hexes
 + Level 5.5 Charms
 + Level 1.1 Summonings
 + Level 1.1 Necromancy
 + Level 1.1 Translocations
 + Level 1.1 Transmutations
 + Level 1.1 Fire Magic
 + Level 1.1 Ice Magic
 + Level 1.1 Air Magic
 + Level 1.1 Earth Magic
 + Level 1.1 Poison Magic
 + Level 1.6 Invocations
 + Level 3.0 Evocations


You had 4 spell levels left.
You knew the following spells:

 Your Spells              Type           Power        Failure   Level  Hunger
a - Shroud of Golubria    Chrm/Tloc      ###.......   11%         2    #......
g - Regeneration          Chrm/Necr      ###.......   21%         3    ###....
x - Throw Frost           Conj/Ice       ##....       24%         2    #......
z - Spectral Weapon       Hex/Chrm       ###.....     21%         3    ###....

Inventory:

Hand Weapons
 d - a +0 hunting sling
 g - a +0 hand axe
 x - a +0 spear
 y - a +0 quarterstaff
 A - a +1 dagger of venom (weapon)
Missiles
 p - 7 tomahawks (quivered)
 s - a throwing net {=f}
 v - 15 sling bullets
 w - 4 stones
 z - 14 poisoned needles
Armour
 h - a +0 leather armour (worn)
 l - a +0 pair of boots (worn)
 q - a +0 helmet (worn)
 B - a +0 ring mail
Jewellery
 C - a ring of stealth (right hand)
 E - a ring of poison resistance (left hand)
Wands
 c - a wand of random effects (9)
 e - a wand of iceblast (8)
Scrolls
 o - a scroll of immolation {!r}
 t - a scroll of noise {!r}
 u - 2 scrolls of teleportation {unknown}
Potions
 i - 4 potions of curing {@q1}
 j - 2 potions of brilliance
 m - a potion of agility
 n - 2 potions of lignification {!q}
 r - 2 potions of heal wounds {@q2}
 D - a potion of flight {unknown}
 F - a potion of cancellation {unknown}
 G - a potion of mutation {!q}
Books
 a - a book of Battle

   Spells                             Type                      Level
   a - Infusion                       Charms                       1
   b - Shroud of Golubria             Charms/Translocation         2
   c - Song of Slaying                Charms                       2
   d - Spectral Weapon                Hexes/Charms                 3
   e - Regeneration                   Charms/Necromancy            3
 b - the Disquisition on Attacks

   Spells                             Type                      Level
   a - Throw Frost                    Conjuration/Ice              2
   b - Throw Flame                    Conjuration/Fire             2
Comestibles
 f - 6 rations

Dungeon Overview and Level Annotations

Branches:
Dungeon (4/15)             Temple (0/1) D:4

Altars:
Trog
Zin

Annotations:
D:3 Exporg's ghost, amateur GrFi
D:4 TheNamelessOne's ghost, novice DsFE

▒.▒..≈≈≈≈≈≈≈.≈≈≈≈≈≈≈.▒
▒....≈≈≈≈≈≈...≈≈≈≈≈≈.+
..÷..≈≈≈≈≈≈.>.≈≈≈≈≈≈.▒
▒▒÷▒.≈≈≈≈≈≈...≈≈≈≈≈≈.▒▒▒
▒▒....≈≈≈≈≈≈≈≈≈≈≈≈≈.o..
........≈≈≈≈≈≈≈≈≈....▒
▒▒........≈≈≈≈≈......▒
..........W..........▒
▒▒▒▒....▒▒.▒▒▒▒▒g▒▒▒▒▒
..........▒ ▒.▒
..▒!...▒▒▒▒▒ ▒.▒ ▒
▒....▒ ... ....... .▒▒
▒▒▒▒.. ▒. ▒. ∆▒. ▒.


You could see TheNamelessOne's ghost and an orc.


Message History

The adder hisses angrily!
TheNamelessOne's ghost opens the door!
TheNamelessOne's ghost casts a spell at you!
The puff of flame hits you!!!
You take 10 damage, and have 23/40 hp!
MASSIVE DAMAGE!!!!!!
Evoke which item? (* to show all) (? for menu, Esc to quit)
Aiming: Iceblast The mass of ice explodes!!!
The iceblast engulfs TheNamelessOne's ghost!
TheNamelessOne's ghost is moderately damaged!
The iceblast engulfs the adder!
You annihilate the adder!!!
Your Fighting skill increases to level 3!!!
Your Axes skill increases to level 3!!!
Your Armour skill increases to level 3!!!
Your Shields skill increases to level 3!!!
Your Evocations skill increases to level 3!!!
You hear an angry hiss!
Unknown command!
Found a lumpy ruby potion!
TheNamelessOne's ghost casts a spell at you!
The puff of flame hits you!!! * * * don't die
* * * You take 18 damage, and have 8/41 hp!
MASSIVE DAMAGE!!!!!!
TheNamelessOne's ghost is engulfed in a cloud of scalding steam!
An orc comes into view! It is wielding a mace!
The orc shouts!!!
TheNamelessOne's ghost gestures at you while chanting!
The puff of flame hits you!!! rip

Action                   |  1- 3 |  4- 6 || total
-------------------------+-------+-------++-------
Melee: Club              |    26 |       ||    26
       Bite              |    17 |    11 ||    28
       Hand axe          |   125 |    44 ||   169
       Spear             |       |    61 ||    61
       Dagger            |       |     3 ||     3
 Fire: Hunting sling     |       |    16 ||    16
 Cast: Shroud of Golubri |     3 |     2 ||     5
       Spectral Weapon   |     4 |    12 ||    16
       Regeneration      |     1 |     2 ||     3
       Throw Frost       |       |     4 ||     4
Evoke: Wand              |       |     7 ||     7
  Use: Scroll            |     5 |     3 ||     8
       Potion            |     1 |       ||     1
 Stab: Sleeping          |       |     4 ||     4
  Eat: Chunk             |     3 |     7 ||    10
Armor: Robe              |     9 |       ||     9
       Leather armour    |    43 |    27 ||    70
Dodge: Dodged            |   112 |    56 ||   168

Vault maps used:
D:1:      dpeg_arrival_chase
D:2:      tgw_trog, kennysheep_pointless_box, grunt_ministairs_8, uniq_robin
D:3:      lemuel_coloured_pillars_altar
D:4:      temple_pool_b, first_ration

Notes
Turn   | Place    | Note
-------+----------+-------------------------------------------
     0 | D:1      | rlgrobin the Gnoll Wanderer began the quest for the Orb.
     0 | D:1      | rlgrobin set off with: a book of Battle, the Disquisition on Attacks, a wand of random effects (15), a +0 robe, a +0 club, a ration
     0 | D:1      | Reached XP level 1. HP: 17/17 MP: 6/6
    79 | D:1      | Reached XP level 2. HP: 12/23 MP: 7/7
    83 | D:1      | Learned a level 2 spell: Shroud of Golubria
    95 | D:1      | HP: 2/23 [hobgoblin/club (6)]
  1044 | D:1      | Reached XP level 3. HP: 28/28 MP: 9/9
  1101 | D:1      | Reached skill level 5 in Spellcasting
  1106 | D:1      | Learned a level 3 spell: Spectral Weapon
  1110 | D:1      | Learned a level 3 spell: Regeneration
  1468 | D:1      | Gained mutation: You have a somewhat thin skeletal structure. (Dex +2, Stealth) [potion of mutation]
  1468 | D:1      | Gained mutation: Your spells are a little harder to cast, but a little more powerful. [potion of mutation]
  1470 | D:1      | Identified the Disquisition on Attacks
  1610 | D:2      | Noticed Robin
  1615 | D:2      | Reached skill level 1 in Invocations
  1641 | D:2      | Reached skill level 1 in Short Blades
  1641 | D:2      | Reached skill level 1 in Long Blades
  1641 | D:2      | Reached skill level 1 in Maces & Flails
  1641 | D:2      | Reached skill level 1 in Polearms
  1641 | D:2      | Reached skill level 1 in Staves
  1641 | D:2      | Reached skill level 1 in Slings
  1641 | D:2      | Reached skill level 1 in Bows
  1641 | D:2      | Reached skill level 1 in Crossbows
  1641 | D:2      | Reached skill level 1 in Throwing
  1641 | D:2      | Reached skill level 1 in Dodging
  1641 | D:2      | Reached skill level 1 in Stealth
  1641 | D:2      | Reached skill level 1 in Unarmed Combat
  1645 | D:2      | HP: 2/28 [Robin/short sword (3)]
  1646 | D:2      | Reached XP level 4. HP: 3/34 MP: 4/11
  1728 | D:2      | Killed Robin
  1859 | D:2      | Learned a level 2 spell: Throw Frost
  1891 | D:2      | Reached skill level 1 in Conjurations
  1891 | D:2      | Reached skill level 1 in Hexes
  1891 | D:2      | Reached skill level 1 in Summonings
  1891 | D:2      | Reached skill level 1 in Necromancy
  1891 | D:2      | Reached skill level 1 in Translocations
  1891 | D:2      | Reached skill level 1 in Transmutations
  1891 | D:2      | Reached skill level 1 in Fire Magic
  1891 | D:2      | Reached skill level 1 in Ice Magic
  1891 | D:2      | Reached skill level 1 in Air Magic
  1891 | D:2      | Reached skill level 1 in Earth Magic
  1891 | D:2      | Reached skill level 1 in Poison Magic
  2035 | D:2      | Noticed a moth of wrath
  2038 | D:2      | Found a bloodstained altar of Trog.
  2252 | D:2      | Reached XP level 5. HP: 40/40 MP: 10/12
  2586 | D:3      | Found a glowing silver altar of Zin.
  3111 | D:3      | Noticed Exporg's ghost (amateur GrFi)
  3304 | D:4      | Noticed an ogre
  3324 | D:4      | Noticed TheNamelessOne's ghost (novice DsFE)
  3511 | D:4      | Found a staircase to the Ecumenical Temple.
  3553 | D:4      | Reached skill level 3 in Fighting
  3553 | D:4      | Reached skill level 3 in Axes
  3553 | D:4      | Reached skill level 3 in Armour
  3553 | D:4      | Reached skill level 3 in Shields
  3553 | D:4      | Reached skill level 3 in Evocations
  3577 | D:4      | Killed from afar by TheNamelessOne's ghost

Vanquished Creatures
  Robin (D:2)
  5 adders
  An ooze (D:1)
  3 worms
  4 leopard geckos
  3 ball pythons
  2 giant cockroaches
  21 goblins
  11 hobgoblins
  5 jackals
  4 quokkas
  9 bats
  2 frilled lizards
  9 kobolds
  9 rats
89 creatures vanquished.
